Map: Romanticide LE

Players

Has - Winner!

  • Race: Protoss Protoss

黑羽快斗 (ButAlways)

  • Race: Protoss Protoss
  • League: Master

Event: DreamHack SC2 Masters 2021 Summer

VOD

Have the link to the VOD?

Description

Time

  • Played on: May 23, 2021, 8:01 a.m.
  • Length: 16:48

All games in this series

Show
View Real Time Build Order
Export as new Build Order

Has Protoss - Winner!

Build Orders: Oracle Opening 

Get SALT Encoding   

  12  0:00  Probe  
  13  0:13  Probe  
  14  0:16  Pylon  
  14  0:25  Probe (Chrono Boost)  
  16  0:36  Probe (Chrono Boost), Gateway  
  16  0:41  Probe (Chrono Boost)  
  16  0:46  Assimilator  
  17  0:52  Probe (Chrono Boost)  
  18  0:59  Assimilator  
  19  1:04  Probe (Chrono Boost)  
  19  1:13  Probe (Chrono Boost)  
  20  1:18  Probe  
  20  1:20  Gateway  
  20  1:25  Cybernetics Core  
  21  1:30  Probe  
  22  1:35  Pylon  
  22  1:42  Probe  
  23  1:54  Probe  
  23  1:58  Warp Gate (Chrono Boost)  
  24  2:01  Stalker  
  24  2:07  Probe  
  27  2:08  Stalker  
  27  2:14  Pylon  
  29  2:20  Shield Battery  
  29  2:26  Pylon  
  30  2:33  Probe  
  30  2:43  Stargate  
  30  2:52  Probe  
  31  2:59  Pylon  
  31  3:02  Shield Battery  
  31  3:04  Robotics Facility  
  31  3:19  Pylon  
  31  3:23  Oracle (Chrono Boost)  
  34  3:39  Nexus  
  34  3:46  Stalker  
  35  3:51  Observer  
  35  3:54  Stalker  
  38  3:57  Probe  
  39  4:09  Probe (Chrono Boost)  
  40  4:12  Sentry  
  43  4:27  Immortal  
  43  4:29  Probe (Chrono Boost)  
  43  4:30  Shield Battery  
  47  4:36  Shield Battery  
  47  4:46  Void Ray (Chrono Boost)  
  47  4:56  Zealot  
  47  4:59  Shield Battery  
  53  5:03  Zealot  
  55  5:08  Pylon  
  55  5:21  Zealot  
  57  5:27  Stalker  
  60  5:30  Shield Battery  
  55  5:36  Warp Prism (Chrono Boost)  
  57  5:43  Sentry  
  55  5:52  Probe  
  55  5:54  Void Ray  
  55  5:55  Zealot  
  52  6:08  Stalker  
  47  6:12  Probe  
  47  6:13  Probe  
  45  6:22  Adept  
  45  6:24  Probe  
  48  6:26  Probe  
  49  6:36  Probe (Chrono Boost)  
  49  6:38  Probe (Chrono Boost)  
  51  6:49  Oracle  
  51  6:50  Probe (Chrono Boost)  
  56  6:54  Probe (Chrono Boost)  
  56  6:58  Probe (Chrono Boost)  
  56  7:00  Adept  
  60  7:01  Probe (Chrono Boost)  
  60  7:05  Probe  
  61  7:10  Robotics Bay  
  61  7:15  Probe (Chrono Boost), Pylon  
  62  7:17  Probe (Chrono Boost)  
  63  7:27  Probe (Chrono Boost)  
  63  7:28  Probe (Chrono Boost)  
  63  7:32  Probe (Chrono Boost)  
  63  7:37  Probe  
  65  7:38  Forge  
  65  7:39  Forge  
  65  7:43  Assimilator x2  
  66  7:49  Probe  
  67  7:54  Probe  
  67  7:58  Pylon  
  67  8:01  Probe  
  68  8:08  Protoss Ground Weapons Level 1 (Chrono Boost)  
  68  8:11  Nexus  
  69  8:13  Probe  
  69  8:18  Immortal (Chrono Boost), Protoss Ground Armor Level 1 (Chrono Boost)  
  73  8:20  Probe  
  75  8:27  Probe  
  75  8:33  Probe  
  76  8:39  Probe  
  74  8:45  Probe  
  74  8:46  Stalker x2  
  74  8:48  Immortal (Chrono Boost)  
  79  8:51  Probe  
  79  8:55  Immortal (Chrono Boost)  
  84  8:56  Pylon  
  84  8:57  Pylon  
  84  9:05  Pylon  
  84  9:10  Stalker  
  84  9:15  Stalker  
  88  9:22  Probe  
  88  9:23  Probe  
  90  9:25  Disruptor (Chrono Boost)  
  90  9:26  Shield Battery  
  90  9:27  Shield Battery  
  90  9:31  Probe  
  94  9:38  Sentry x2  
  100  9:45  Photon Cannon  
  100  9:50  Gateway  
  100  9:51  Gateway  
  98  9:54  Gateway  
  98  9:56  Disruptor (Chrono Boost)  
  101  10:01  Adept  
  103  10:07  Twilight Council  
  103  10:08  Probe x2  
  105  10:22  Adept x2  
  105  10:26  Immortal  
  109  10:44  Stalker x2  
  109  10:48  Assimilator  
  109  10:49  Photon Cannon, Assimilator  
  109  10:50  Photon Cannon  
  109  10:51  Shield Battery  
  109  10:55  Stalker x3  
  113  11:04  Disruptor  
  113  11:05  Probe  
  113  11:06  Blink (Chrono Boost), Pylon  
  113  11:07  Protoss Ground Weapons Level 2 (Chrono Boost)  
  117  11:14  Pylon  
  117  11:15  Pylon  
  117  11:20  Stalker x3  
  117  11:24  Photon Cannon  
  123  11:32  Probe x3  
  126  11:34  Pylon  
  126  11:37  Dark Shrine  
  126  11:41  Photon Cannon  
  126  12:00  Probe x2  
  126  12:03  Stalker x5  
  134  12:11  Probe  
  134  12:12  Probe  
  134  12:13  Observer (Chrono Boost)  
  137  12:22  Pylon  
  137  12:23  Pylon  
  137  12:30  Warp Prism (Chrono Boost)  
  137  12:31  Probe  
  137  12:32  Probe  
  141  12:38  Pylon, Nexus  
  141  12:40  Protoss Ground Armor Level 2 (Chrono Boost)  
  141  12:46  Robotics Facility  
  141  12:57  Dark Templar x2  
  145  13:00  Probe x2  
  145  13:03  Probe, Disruptor  
  151  13:18  Gateway  
  151  13:20  Gateway  
  151  13:22  Gateway, Dark Templar x3  
  151  13:23  Probe x2  
  159  13:28  Probe  
  160  13:38  Disruptor  
  160  13:40  Probe  
  160  13:42  Probe  
  160  13:45  Stalker x2  
  165  13:54  Probe x2  
  165  13:58  Photon Cannon  
  165  13:59  Probe, Photon Cannon  
  165  14:00  Photon Cannon  
  165  14:01  Shadow Stride (Chrono Boost)  
  167  14:03  Shield Battery  
  167  14:04  Shield Battery  
  167  14:06  Photon Cannon  
  167  14:09  Assimilator  
  164  14:11  Assimilator  
  162  14:18  Disruptor (Chrono Boost)  
  168  14:27  Disruptor (Chrono Boost)  
  164  14:37  Stalker x4  
  164  14:38  Stalker x4  
  176  14:50  Observer (Chrono Boost)  
  177  14:57  Pylon  
  178  15:00  Observer (Chrono Boost)  
  176  15:10  Stalker x2  
  176  15:11  Stalker x4  
  148  15:33  Disruptor  
  141  15:38  Dark Templar x8  
  157  15:48  Probe x2  
  158  15:53  Probe  
  159  16:01  Probe  
  138  16:15  Stalker x8  
  147  16:35  Nexus  
  147  16:38  Pylon  
  147  16:40  Pylon  
Show
View Real Time Build Order
Export as new Build Order

黑羽快斗 Protoss 

Build Orders:  

Get SALT Encoding   

  12  0:00  Probe  
  13  0:12  Probe  
  14  0:17  Pylon  
  14  0:24  Probe (Chrono Boost)  
  15  0:36  Probe (Chrono Boost), Gateway  
  16  0:44  Probe (Chrono Boost)  
  16  0:47  Assimilator  
  17  0:51  Probe  
  17  0:56  Assimilator  
  18  1:03  Probe (Chrono Boost)  
  20  1:12  Probe (Chrono Boost)  
  20  1:15  Gateway  
  20  1:17  Probe (Chrono Boost)  
  21  1:27  Cybernetics Core  
  21  1:29  Probe  
  22  1:36  Pylon  
  22  1:41  Probe  
  23  1:54  Probe  
  24  2:03  Stalker x2  
  24  2:05  Warp Gate  
  28  2:09  Pylon  
  28  2:13  Probe  
  29  2:26  Probe  
  30  2:30  Robotics Facility  
  30  2:36  Sentry  
  33  2:47  Stalker  
  33  3:07  Nexus  
  33  3:14  Immortal (Chrono Boost)  
  37  3:23  Pylon  
  37  3:26  Sentry  
  39  3:43  Warp Prism (Chrono Boost)  
  41  3:50  Gateway  
  41  4:04  Stalker  
  41  4:06  Shield Battery  
  41  4:09  Sentry  
  45  4:15  Observer  
  46  4:34  Stalker x2  
  50  4:40  Pylon  
  49  4:45  Stalker  
  50  4:56  Probe x2  
  50  4:58  Stalker  
  54  5:01  Sentry  
  56  5:08  Shield Battery  
  56  5:28  Stalker x2  
  56  5:29  Stalker  
  56  5:34  Probe  
  63  5:37  Pylon  
  49  6:07  Probe x2  
  42  6:15  Immortal (Chrono Boost)  
  40  6:19  Probe x2 (Chrono Boost)  
  40  6:22  Stalker x3  
  48  6:31  Probe x2 (Chrono Boost)  
  50  6:38  Probe x2 (Chrono Boost)  
  52  6:45  Probe (Chrono Boost)  
  51  6:47  Observer, Probe (Chrono Boost)  
  51  6:50  Stalker x2  
  55  6:56  Stalker  
  55  6:59  Probe x2 (Chrono Boost)  
  59  7:03  Probe (Chrono Boost), Assimilator  
  59  7:04  Probe (Chrono Boost)  
  59  7:05  Assimilator  
  61  7:13  Probe  
  61  7:14  Probe  
  63  7:18  Twilight Council  
  63  7:23  Stalker  
  63  7:25  Probe  
  65  7:33  Stalker  
  66  7:46  Nexus  
  66  7:47  Stalker  
  68  7:53  Stalker  
  68  7:55  Blink (Chrono Boost)  
  70  8:06  Stalker  
  70  8:10  Pylon  
  70  8:12  Stalker  
  73  8:27  Stalker  
  73  8:29  Stalker  
  73  8:33  Stalker  
  79  8:36  Gateway  
  79  8:43  Probe x2  
  81  8:54  Observer  
  81  8:55  Sentry, Robotics Bay  
  84  8:56  Probe  
  84  9:01  Probe  
  86  9:04  Probe  
  86  9:08  Probe  
  86  9:09  Stalker x2  
  92  9:14  Probe  
  92  9:16  Probe  
  94  9:20  Probe  
  95  9:26  Probe, Pylon, Assimilator  
  95  9:31  Stalker  
  98  9:41  Disruptor (Chrono Boost)  
  101  9:49  Gateway  
  101  9:51  Gateway  
  101  9:53  Sentry  
  101  9:57  Stalker  
  105  10:01  Gateway  
  105  10:08  Stalker  
  105  10:12  Stalker  
  108  10:17  Disruptor (Chrono Boost)  
  109  10:28  Pylon  
  109  10:29  Pylon  
  109  10:34  Probe  
  108  10:36  Probe  
  108  10:40  Stalker  
  108  10:41  Probe  
  108  10:46  Probe  
  108  10:48  Probe  
  109  10:50  Observer (Chrono Boost)  
  109  10:54  Stalker x5  
  119  11:01  Pylon  
  119  11:06  Pylon  
  119  11:07  Observer  
  119  11:08  Disruptor (Chrono Boost)  
  119  11:10  Stalker  
  124  11:13  Observer  
  124  11:22  Observer, Stalker x3  
  130  11:35  Disruptor (Chrono Boost)  
  133  11:41  Stalker x3  
  133  11:42  Stalker  
  141  11:56  Pylon  
  141  12:00  Pylon  
  135  12:08  Stalker x3  
  137  12:13  Disruptor (Chrono Boost)  
  144  12:25  Stalker x4  
  152  12:30  Pylon  
  152  12:33  Pylon  
  152  12:38  Disruptor (Chrono Boost)  
  152  12:43  Stalker  
  157  12:57  Stalker x4  
  165  13:09  Stalker x3  
  169  13:27  Pylon  
  172  13:28  Pylon  
  172  13:30  Observer  
  165  13:34  Forge  
  165  13:37  Stalker x3  
  148  13:45  Stalker x2  
  142  13:54  Stalker  
  142  14:05  Observer  
  142  14:06  Stalker x2  
  142  14:29  Stalker x3  
  148  14:35  Photon Cannon  
  148  14:53  Photon Cannon  
  148  14:55  Stalker  
  150  15:00  Observer  
  111  15:12  Stalker x2  
  101  15:22  Observer  
  101  15:23  Stalker x2  
  86  15:43  Observer  
  73  15:51  Stalker  
  66  16:04  Zealot x3  
  66  16:10  Probe x2  
Tags
 
Add a new tag
Caveats
  • Supply blocks, unpowered buildings, or Contaminate may cause inaccurate times.
  • Supply counts are checked every 10 seconds.